 Dungeon Crawl Stone Soup version 0.17.0-28-g6e173f8 (console) character file.

10740 Cab the Thaumaturge (level 11, 0/54 HPs)
             Began as a Deep Elf Conjurer on Nov 28, 2015.
             Was a Priest of Vehumet.
             Killed by the air
             ... invoked by Gastronok
              (30 damage)
             ... on level 2 of the Lair of Beasts.
             The game lasted 01:11:54 (11404 turns).

Cab the Thaumaturge (Deep Elf Conjurer)            Turns: 11404, Time: 01:11:54

Health: 0/54       AC: 11    Str:  5    XL:     11   Next: 40%
Magic:  2/31       EV: 14    Int: 24    God:    Vehumet [***...]
Gold:   486        SH:  0    Dex: 13    Spells: 5 memorised, 22 levels left

rFire  . . .     SeeInvis .     t - +3 mace (protect)
rCold  . . .     Clarity  .     a - +2 robe
rNeg   . . .     SustAt   .     (no shield)
rPois  .         Gourm    .     (no helmet)
rElec  .         Spirit   .     (no cloak)
rCorr  .         Warding  .     (no gloves)
rMut   .         Stasis   .     (no boots)
MR     +....                    u - amulet of rage
Stlth  ++........               e - +2 ring of protection
                                o - -2 ring of dexterity (curse)

@: somewhat resistant to hostile enchantments, unstealthy
A: no striking features
a: Renounce Religion, Evoke Berserk Rage


You were on level 2 of the Lair of Beasts.
You worshipped Vehumet.
Vehumet was most pleased with you.
You were not hungry.

You visited 2 branches of the dungeon, and saw 10 of its levels.

You collected 486 gold pieces.

Inventory:

Hand Weapons
 n - a +3 dagger of flaming
 t - a +3 mace of protection (weapon)
Armour
 a - a +2 robe (worn)
Jewellery
 e - a +2 ring of protection (right hand)
 o - a cursed -2 ring of dexterity (left hand)
 q - an uncursed amulet of resist corrosion
 r - an uncursed ring of ice
 u - an amulet of rage (around neck)
 y - an uncursed ring of protection from magic
 B - an uncursed ring of ice
Wands
 p - a wand of flame (28)
 s - a wand of digging (17)
 v - a wand of polymorph (17)
 w - a wand of flame (36)
Scrolls
 d - 2 scrolls of teleportation
 h - 2 scrolls of amnesia
 A - a scroll of magic mapping
Potions
 f - 2 potions of might {unknown}
 g - 3 potions of curing
 i - a potion of agility
 j - a potion of brilliance {unknown}
 k - a potion of cancellation {unknown}
 l - a potion of degeneration {unknown}
 m - 2 potions of lignification {unknown}
 x - a potion of ambrosia {unknown}
 C - a potion of heal wounds {unknown}
Books
 b - a book of Conjurations

   Spells                             Type                      Level
   a - Magic Dart                     Conjuration                  1
   b - Searing Ray                    Conjuration                  2
   c - Dazzling Spray                 Conjuration/Hexes            3
   d - Fulminant Prism                Conjuration/Hexes            4
   e - Iskenderun's Mystic Blast      Conjuration                  4
   f - Iskenderun's Battlesphere      Conjuration/Charms           5
Comestibles
 c - 4 bread rations
 z - a meat ration
 D - a royal jelly
 E - 5 chunks of flesh


   Skills:
 + Level 4.4 Dodging
 - Level 2.4 Stealth
 + Level 14.5 Spellcasting
 * Level 13.9 Conjurations
 - Level 4.5 Hexes
 - Level 5.0 Charms


You had 22 spell levels left.
You knew the following spells:

 Your Spells              Type           Power        Failure   Level  Hunger
a - Magic Dart            Conj           ####         0%          1    None
b - Iskenderun's Mystic   Conj           ######..     1%          4    None
c - Fulminant Prism       Conj/Hex       ######....   1%          4    None
d - Iskenderun's Battles  Conj/Chrm      ######..     1%          5    ##.....
e - Mephitic Cloud        Conj/Pois/Air  #####...     1%          3    None


Dungeon Overview and Level Annotations

Branches:
Dungeon (8/15)             Temple (0/1) D:5            Lair (2/8) D:8

Altars:
Ashenzari
Cheibriados
Gozag
Sif Muna
Vehumet
Yredelemnul

Annotations:
Lair:2 Gastronok


Message History

Confirm with . or Enter, or press ? or * to list all spells.
Aiming: Iskenderun's Mystic Blast
Press: ? - help, Shift-Dir - straight line, f/p - Gastronok
Aim: Gastronok, wearing a glowing hat (noxious fumes, severely wounded)
The orb of energy hits Gastronok.
Gastronok is severely wounded.
Gastronok is engulfed in noxious fumes.
Casting: Iskenderun's Mystic Blast
Confirm with . or Enter, or press ? or * to list all spells.
You don't have enough magic to cast that spell.
Gastronok is engulfed in noxious fumes.
Gastronok waves his eye-stalks in wide circles.
The air twists around and strikes you!
Ouch! That really hurt!
Drink which item? (? for menu, Esc to quit)
You feel better.
Gastronok is engulfed in noxious fumes.
Gastronok waves his eye-stalks in wide circles.
The air twists around and strikes you!
Ouch! That really hurt!
You die...

∙∙P▒ ▒▒∙∙∙∙∙∙∙∙∙∙∙∙∙∙∙∙∙∙∙∙ ∙[∙▒
▒P∙∙∙∙##∙∙∙▒∙∙∙∙∙∙P∙∙∙ ∙∙∙▒▒
▒∙∙∙∙∙#∙∙∙∙∙∙∙∙∙∙∙∙∙∙∙ ∙∙∙∙▒
▒∙∙∙∙w∙∙∙∙∙∙∙∙∙∙∙∙∙∙∙∙ ∙∙∙∙▒
▒▒∙∙∙∙∙∙∙∙∙∙∙∙∙∙∙∙∙∙∙∙ ∙∙∙∙▒
▒∙∙∙H∙∙∙∙∙∙∙∙∙∙∙∙∙∙∙∙∙ ∙∙∙∙▒
▒▒∙∙∙∙∙∙∙∙∙∙∙∙∙∙∙∙▒∙∙∙ ∙∙∙▒▒
▒▒∙∙∙∙∙∙∙∙∙∙∙∙∙∙∙▒∙∙∙ ∙∙∙▒▒▒▒
▒▒∙@∙∙∙∙∙∙∙∙∙∙∙∙∙▒∙∙ ∙∙∙▒▒∙▒▒▒▒
▒∙▒∙∙∙∙∙∙∙∙∙∙∙∙∙∙∙▒∙
▒∙∙∙∙∙∙▒P▒▒▒▒▒▒▒∙∙∙∙∙∙∙∙∙∙∙∙∙∙∙∙∙
∙∙∙∙∙∙∙∙∙▒∙∙▒∙▒▒∙∙∙∙∙∙∙/∙∙∙∙∙▒▒∙∙
∙∙∙∙∙∙∙∙∙∙∙∙∙∙∙∙∙∙∙∙∙▒▒∙∙∙∙▒▒▒▒▒∙
∙∙∙∙∙∙∙∙∙∙∙∙∙∙▒▒▒▒▒▒∙▒∙▒∙∙∙▒ ▒∙
∙∙∙∙∙∙∙∙∙∙∙∙∙∙▒ ▒▒▒▒▒∙∙∙▒ ▒∙
▒∙∙∙∙∙∙∙∙▒▒▒P∙▒ ▒▒▒∙∙∙▒ ▒▒∙
▒∙∙∙∙∙∙∙∙∙▒▒▒∙▒ ▒▒▒▒▒▒∙∙∙∙▒▒ ▒∙∙


You could see Gastronok and a hippogriff.

Vanquished Creatures
  Fannar (Lair:1)
  Erica (D:8)
  A hydra (Lair:1)
  Nergalle (Lair:1)
  Pikel (D:6)
  A black mamba (Lair:1)
  Joseph (D:8)
  2 spiny frogs (Lair:2)
  A komodo dragon (Lair:1)
  The ghost of carl the Skirmisher, an amateur DsFi of Gozag (D:5)
  6 yaks (Lair:1)
  Grum (Lair:1)
  6 hippogriffs
  A steam dragon (D:8)
  A water moccasin (Lair:2)
  4 wolves (Lair:1)
  6 porcupines
  An orc warrior (D:7)
  3 phantoms
  4 slaves (D:6)
  A necrophage (D:7)
  3 ogres
  4 crocodiles
  4 centaurs
  Blork the orc (D:6)
  2 jellies (D:5)
  5 giant frogs
  A crimson imp (D:6)
  4 orc priests
  2 electric eels (Lair:2)
  A giant frog zombie (D:6)
  A giant frog skeleton (D:6)
  6 orc wizards
  2 hounds
  8 worker ants
  3 iguanas
  2 hound skeletons
  7 gnolls
  9 adders
  11 river rats
  2 shadow imps
  2 oozes
  An adder zombie (D:5)
  A worm (D:2)
  4 giant geckos
  19 orcs
  11 goblins
  5 hobgoblins
  7 jackals
  A quokka (D:8)
  A ball python (D:3)
  7 bats
  4 giant cockroaches
  A giant cockroach zombie (D:6)
  A giant gecko skeleton (D:6)
  9 giant newts
  2 jackal skeletons
  6 kobolds
  A quokka skeleton (D:8)
  A quokka zombie (D:7)
  5 rats (D:2)
  A plant (Lair:2)
213 creatures vanquished.

Vanquished Creatures (others)
  23 fulminant prisms
  A fungus (Lair:1)
  A plant (Lair:1)
25 creatures vanquished.

Grand Total: 238 creatures vanquished

Notes
Turn   | Place    | Note
--------------------------------------------------------------
     0 | D:1      | Cab the Deep Elf Conjurer began the quest for the Orb.
     0 | D:1      | Reached XP level 1. HP: 10/10 MP: 6/6
   283 | D:1      | Reached XP level 2. HP: 15/15 MP: 1/8
   327 | D:1      | Reached skill level 5 in Conjurations
  1116 | D:2      | Reached XP level 3. HP: 19/19 MP: 3/9
  1410 | D:2      | Reached skill level 6 in Conjurations
  1410 | D:2      | Reached XP level 4. HP: 22/24 MP: 3/11
  1420 | D:2      | Learned a level 4 spell: Iskenderun's Mystic Blast
  2088 | D:3      | Reached XP level 5. HP: 28/28 MP: 2/12
  2639 | D:3      | Found a radiant altar of Vehumet.
  2662 | D:3      | Became a worshipper of Vehumet
  2777 | D:4      | Reached skill level 7 in Conjurations
  2973 | D:4      | Reached XP level 6. HP: 32/32 MP: 8/15
  2988 | D:4      | Learned a level 4 spell: Fulminant Prism
  3370 | D:4      | Noticed a phantom
  3422 | D:4      | Killed a phantom
  3422 | D:4      | Reached skill level 5 in Spellcasting
  3422 | D:4      | Reached skill level 1 in Hexes
  3722 | D:4      | Noticed an ogre
  3751 | D:5      | Entered Level 5 of the Dungeon
  3890 | D:5      | Noticed carl's ghost (amateur DsFi)
  3898 | D:5      | Killed carl's ghost
  3898 | D:5      | Reached skill level 8 in Conjurations
  3898 | D:5      | Reached XP level 7. HP: 28/36 MP: 0/19
  4633 | D:5      | Reached XP level 8. HP: 41/41 MP: 12/22
  4666 | D:5      | Found a staircase to the Ecumenical Temple.
  4689 | D:5      | Reached * piety under Vehumet
  4689 | D:5      | Offered knowledge of Sandblast by Vehumet.
  4964 | D:6      | Noticed Pikel
  4983 | D:6      | Killed Pikel
  4983 | D:6      | Reached skill level 10 in Spellcasting
  5117 | D:6      | Learned a level 5 spell: Iskenderun's Battlesphere
  5383 | D:6      | Reached skill level 1 in Charms
  5488 | D:6      | Found a snail-covered altar of Cheibriados.
  5488 | D:6      | Found a shattered altar of Ashenzari.
  5770 | D:6      | Reached XP level 9. HP: 45/45 MP: 15/25
  5868 | D:6      | Noticed Blork the orc
  5871 | D:6      | Killed Blork the orc
  5884 | D:6      | Found a deep blue altar of Sif Muna.
  6027 | D:6      | Reached skill level 11 in Spellcasting
  7071 | D:7      | Reached skill level 5 in Charms
  7293 | D:7      | Offered knowledge of Throw Flame by Vehumet.
  7302 | D:7      | Reached ** piety under Vehumet
  7467 | D:7      | Found a basalt altar of Yredelemnul.
  7693 | D:7      | Reached skill level 10 in Conjurations
  8058 | D:8      | Found a staircase to the Lair.
  8160 | D:8      | Noticed Joseph
  8164 | D:8      | Killed Joseph
  8164 | D:8      | Reached skill level 12 in Spellcasting
  8467 | D:8      | Noticed Erica
  8530 | D:8      | Killed Erica
  8530 | D:8      | Reached XP level 10. HP: 28/50 MP: 6/28
  8697 | D:8      | Found an opulent altar of Gozag.
  8981 | Lair:1   | Entered Level 1 of the Lair of Beasts
  8984 | Lair:1   | Noticed a black mamba
  8990 | Lair:1   | Noticed a seven-headed hydra
  8990 | Lair:1   | Killed a black mamba
  9149 | Lair:2   | Reached skill level 13 in Spellcasting
  9439 | Lair:1   | Noticed Fannar
  9447 | Lair:1   | Killed Fannar
  9447 | Lair:1   | Offered knowledge of Mephitic Cloud by Vehumet.
  9532 | Lair:1   | Learned a level 3 spell: Mephitic Cloud
  9929 | Lair:1   | Killed a seven-headed hydra
  9929 | Lair:1   | Reached XP level 11. HP: 54/54 MP: 14/30
  9963 | Lair:1   | Noticed Grum
  9967 | Lair:1   | Killed Grum
  9967 | Lair:1   | Reached skill level 14 in Spellcasting
  9999 | Lair:1   | Reached *** piety under Vehumet
 10163 | Lair:1   | Noticed Nergalle
 10172 | Lair:1   | Killed Nergalle
 11390 | Lair:2   | Noticed Gastronok
 11404 | Lair:2   | Killed from afar by Gastronok

Action                   |  1- 3 |  4- 6 |  7- 9 | 10-12 || total
-------------------------+-------+-------+-------+-------++-------
Melee: Unarmed           |    14 |    14 |       |       ||    28
       Dagger            |       |    15 |       |       ||    15
       Mace              |       |    16 |     7 |    32 ||    55
 Cast: Magic Dart        |    70 |    78 |    72 |    29 ||   249
       Iskenderun's Myst |       |    18 |    80 |    95 ||   193
       Fulminant Prism   |       |     5 |    11 |     7 ||    23
       Iskenderun's Batt |       |       |     4 |     8 ||    12
       Mephitic Cloud    |       |       |       |     3 ||     3
  Use: Scroll            |     1 |     8 |     7 |     3 ||    19
       Potion            |       |     1 |       |     1 ||     2
  Eat: Chunk             |     1 |     6 |    11 |     1 ||    19
       Bread ration      |       |     1 |     1 |       ||     2
       Meat ration       |       |       |     1 |     1 ||     2
       Beef jerky        |       |       |     1 |       ||     1
